 Dungeon Crawl Stone Soup version 0.26.1-11-gd32895ea62 (webtiles) character file.

Game seed: 12954077594013335317

107660 dtburroughs the Fighter (level 16, -13/147 HPs)
             Began as a Minotaur Berserker on June 14, 2021.
             Was the Champion of Trog.
             Killed from afar by Arachne (39 damage)
             ... with a bolt of poison
             ... on level 1 of the Spider Nest.
             The game lasted 01:40:20 (31684 turns).

dtburroughs the Fighter (Minotaur Berserker)       Turns: 31684, Time: 01:40:20

Health: -13/147    AC: 18    Str: 24    XL:     16   Next: 0%
Magic:  15/15      EV: 11    Int: 16    God:    Trog [******]
Gold:   2405       SH: 21    Dex: 11    Spells: 15/15 levels left

rFire    + . .     SeeInvis +   r - +9 hand axe of Armageddon {drain, *Noise rN+++ Will+ Int+5}
rCold    . . .     Faith    .   v - +1 tower shield
rNeg     + + +     Spirit   .   S - +0 plate armour
rPois    .         Reflect  .   (helmet restricted)
rElec    +         Harm     .   B - +2 cloak
rCorr    .         Rampage  .   E - +2 pair of gloves
Will     ++++.                  M - +1 pair of boots "Ecie" {rElec rN+ Int+3}
Stlth    ..........             Y - amulet of regeneration
HPRegen  1.74/turn              k - ring of see invisible
MPRegen  0.14/turn              N - ring of protection from fire

@: lethally poisoned (-13 -> -14), corroded, regenerating
A: retaliatory headbutt, horns 2
a: Renounce Religion, Berserk, Trog's Hand, Brothers in Arms


You were on level 1 of the Spider Nest.
You worshipped Trog.
Trog was exalted by your worship.
You visited 4 branches of the dungeon, and saw 25 of its levels.
You also visited: Gauntlet.

You collected 2405 gold pieces.

Inventory:

Hand Weapons
 m - the +13 spear "Ocaczyal" {vorpal, Str+4 Dex+2}
   (Trog gifted it to you on level 1 of the Orcish Mines)

   It inflicts extra damage upon your enemies.
   It affects your strength (+4).
   It affects your dexterity (+2).
 p - a +2 hand axe of flaming
 r - the +9 hand axe of Armageddon (weapon) {drain, *Noise rN+++ Will+ Int+5}
   (You found it on level 13 of the Dungeon)

   A truly terrible weapon, it drains the life of those it strikes.
   It affects your intelligence (+5).
   It renders you almost immune to negative energy.
   It affects your willpower, your defense against some magical effects.
   It may make noises in combat.
 s - the +5 demon whip "Spellbinder" {antimagic, Will+}
   (You took it off a minotaur in a Gauntlet)

   It reduces the magical energy of the wielder, and disrupts the spells and
   magical abilities of those hit.
   Natural abilities and divine invocations are not affected.
   It affects your willpower, your defense against some magical effects.
 y - a +1 hand axe of electrocution
Armour
 v - a +1 tower shield (worn)
 B - a +2 cloak (worn)
 E - a +2 pair of gloves (worn)
 M - the +1 pair of boots "Ecie" (worn) {rElec rN+ Int+3}
   (You found it on level 6 of the Dungeon)

   It affects your intelligence (+3).
   It insulates you from electricity.
   It protects you from negative energy.
 S - a +0 plate armour (worn)
Jewellery
 k - a ring of see invisible (left hand)
 H - an uncursed amulet of guardian spirit
 N - a ring of protection from fire (right hand)
 Y - an amulet of regeneration (around neck)
Wands
 f - a wand of enslavement (11)
 x - a wand of flame (61)
 F - a wand of polymorph (11)
 J - a wand of random effects (85)
 R - a wand of iceblast (31)
 U - a wand of disintegration (45)
 Z - a wand of paralysis (12)
Scrolls
 b - 3 scrolls of magic mapping
 c - 6 scrolls of fear
 e - 5 scrolls of immolation
 h - a scroll of vulnerability
 l - 6 scrolls of blinking
 q - 18 scrolls of remove curse
 u - 13 scrolls of teleportation
 w - 6 scrolls of fog
 P - 2 scrolls of identify
 T - 2 scrolls of summoning
Potions
 a - 3 potions of mutation {unknown}
 d - a potion of resistance
 g - a potion of might {unknown}
 n - 5 potions of degeneration {unknown}
 t - 3 potions of cancellation
 z - 9 potions of curing
 A - a potion of lignification {unknown}
 C - 3 potions of ambrosia {unknown}
 D - 5 potions of haste
 G - 2 potions of invisibility {unknown}
 I - 3 potions of berserk rage {unknown}
 L - 4 potions of flight {unknown}
 O - 2 potions of magic {unknown}
Miscellaneous
 i - a condenser vane
 j - a box of beasts
 K - a phantom mirror


   Skills:
 + Level 14.5 Fighting
 + Level 14.5(14.9) Axes
 - Level 5.5(11.1) Maces & Flails
 + Level 14.4 Armour
 + Level 13.4 Dodging
 + Level 14.2 Shields
 + Level 8.7 Evocations


You had 15 spell levels left.
You didn't know any spells.
Your spell library was empty.

Dungeon Overview and Level Annotations

Branches:
Dungeon (15/15)            Temple (0/1) D:7            Lair (6/6) D:10
 Shoals (0/4) Lair:4       Spider (2/4) Lair:2        Slime (0/5) Lair:6
    Orc (2/2) D:12            Elf (0/3) Orc:2        Vaults (0/5) D:14
 Depths (0/5) D:15        Gauntlet (visited)

Altars:
Fedhas
Hepliaklqana
Makhleb
Nemelex Xobeh
Ru
Trog
Vehumet
Xom

Shops:
D:14 =}!}   D:15 *   Orc:2 ??*}

Portals:
Trove: D:11 (give 12 potions of heal wounds)

Annotations:
D:5 exclusion: oklob plant
D:15 1 runed translucent door
Lair:1 2 transporters, exclusion: ice statue, MyelinatedAxon's ghost, journeyman MiFi
Lair:4 2 transporters, 3 runed translucent doors, JayTheAdventurer's ghost, journeyman DECj; Yryegiv's ghost, journeyman DsCj
Spider:1 Arachne; Roxanne


Innate Abilities, Weirdness & Mutations

You reflexively headbutt those who attack you in melee.
You have a pair of horns on your head.


Message History

The redback bites you but does no damage.
Arachne stares at you and mumbles some strange words.
The bolt of poison hits you!!
You are more poisoned.
* * * LOW HITPOINT WARNING * * *
You feel much better.
* * * LOW HITPOINT WARNING * * *
You feel very sick. The redback bites you.
* * * LOW HITPOINT WARNING * * *
You block Arachne's attack.
The entropy weaver hits you but does no damage.
The entropy weaver completely misses you.
You block the entropy weaver's attack. The entropy weaver hits you.
* * * LOW HITPOINT WARNING * * *
You feel better. You block the redback's attack.
Arachne stares at you and mumbles some strange words.
The bolt of poison hits you!!!
You are poisoned.
You die...

#...#.....#...#....#≈≈
#^.....^.....###....≈≈
#......##....####...#≈
#.....##......# ##.≈≈≈
#....##......## #≈≈..
#....#.....### ##≈..
#....#.....# ##≈.
#...###...### ##^#≈
#.###@s..##.### ##....
##..HB.##....###^....
#....^##.......##....
#...####.........^...
#..##.....#..##......
#.^##.....#######..#.
##..#.:....###..#..≈≈
##...###>...##......≈.
#...###...###.......≈.


You could see Arachne, an entropy weaver (drained) and a redback.

Vanquished Creatures
  Jorgrun (Orc:2)
  Kirke (Spider:1)
  An azure jelly (shapeshifter) (D:15)
  An emperor scorpion (Spider:1)
  An ettin (Orc:1)
  A rakshasa (D:15)
  2 boulder beetles
  A merfolk avatar (Lair:6)
  10 two-headed ogres
  A catoblepas (Lair:6)
  12 hydras
  4 death knights
  3 centaur warriors (D:14)
  2 ogre magi (Orc:2)
  5 unseen horrors
  5 skeletal warriors
  2 deep trolls (Orc:1)
  A harpy (Lair:6)
  A phantasmal warrior (D:15)
  A glowing orange brain (D:15)
  An orb spider (shapeshifter) (D:15)
  2 orc knights
  6 deep elf magi
  A deep elf archer (D:14)
  2 wolf spiders
  4 cyclopes
  2 orb spiders
  7 ugly things
  13 slime creatures
  4 manticores
  3 black mambas
  A merfolk siren (Lair:4)
  15 elephants
  Joseph (D:7)
  A centaur zombie (D:12)
  2 gargoyles
  8 cane toads
  A freezing wraith (D:14)
  13 komodo dragons
  6 rime drakes
  8 yaktaurs
  3 demonic crawlers (Spider:2)
  A merfolk (shapeshifter) (D:15)
  9 trolls
  A hornet (shapeshifter) (D:15)
  2 jumping spiders (Spider:2)
  2 meliai (Gauntlet)
  3 polar bears
  A harpy skeleton (D:15)
  A merfolk (Lair:4)
  3 wind drakes (Lair:6)
  3 hornets
  Grinder (D:4)
  7 dream sheep (Lair:6)
  7 blink frogs
  4 shadows
  3 wraiths (D:15)
  A redback (shapeshifter) (D:15)
  4 wyverns
  53 yaks
  2 basilisks
  8 redbacks
  6 tarantellas
  A steam dragon (D:6)
  3 hogs (Spider:1)
  3 chaos spawn (Gauntlet)
  A neqoxec (Gauntlet)
  7 vampire mosquitoes
  A warg (Orc:1)
  A water moccasin (shapeshifter) (D:13)
  19 water moccasins
  A soldier ant (D:13)
  16 orc warriors
  6 ice beasts
  4 black bears
  10 sky beasts
  A hornet zombie (D:5)
  18 ogres
  An eye of draining (D:13)
  12 centaurs
  2 big kobolds
  11 bullfrogs
  5 scorpions
  21 killer bees
  12 wights
  9 howler monkeys
  3 electric eels
  3 bullfrog zombies
  11 hounds
  14 orc priests
  Crazy Yiuf (D:3)
  3 bullfrog skeletons
  3 jellies
  18 orc wizards
  4 centaur skeletons
  8 worker ants
  An iguana (D:5)
  5 hell rats (Lair:2)
  A hound zombie (D:5)
  A hound skeleton (D:7)
  A howler monkey zombie (D:7)
  11 adders
  9 gnolls
  15 white imps
  An ufetubus (D:10)
  3 oozes
  An adder skeleton (D:4)
  4 worms
  A dart slug (D:1)
  3 leopard geckos
  55 orcs
  3 giant cockroaches
  5 goblins
  5 hobgoblins
  11 jackals
  6 quokkas
  5 bats
  A jackal skeleton (D:5)
  9 kobolds
  A leopard gecko skeleton (D:4)
  6 rats
  3 bushes (D:12)
682 creatures vanquished.

Vanquished Creatures (collateral kills)
  Agnes (D:14)
  A minotaur (Gauntlet)
  A rime drake (Lair:6)
  A troll (Orc:2)
  A wyvern (Lair:6)
  An ogre (Orc:2)
6 creatures vanquished.

Vanquished Creatures (others)
  A troll (D:14)
  An ice beast (D:8)
  A bullfrog (D:14)
  A scorpion (D:8)
  A centaur skeleton (D:8)
  A bullfrog skeleton (D:8)
  An orc priest (D:8)
  An adder (D:8)
  8 orcs (D:8)
  A quokka (D:8)
  A kobold (D:8)
  2 bushes
  A demonic plant (Gauntlet)
  80 fungi
  98 plants
  6 withered plants (Lair:4)
205 creatures vanquished.

Grand Total: 893 creatures vanquished

Notes
Turn   | Place    | Note
-------+----------+-------------------------------------------
     0 | D:1      | dtburroughs the Minotaur Berserker began the quest for the
                  | Orb.
     0 | D:1      | Reached XP level 1. HP: 19/19 MP: 0/0
   233 | D:1      | Reached XP level 2. HP: 27/27 MP: 1/1
   797 | D:2      | Found a burning altar of Makhleb.
   828 | D:2      | Found a sparkling altar of Nemelex Xobeh.
  1027 | D:2      | Reached skill level 1 in Shields
  1124 | D:2      | Reached XP level 3. HP: 32/33 MP: 2/2
  1860 | D:3      | Reached XP level 4. HP: 35/40 MP: 3/3
  1865 | D:3      | Noticed a sky beast
  1879 | D:3      | Killed a sky beast
  1880 | D:3      | Reached XP level 5. HP: 16/47 MP: 4/4
  2293 | D:3      | Reached ** piety under Trog
  2708 | D:3      | Found a runed translucent door.
  2709 | D:3      | Noticed Crazy Yiuf
  2954 | D:3      | Killed Crazy Yiuf
  3261 | D:4      | Reached XP level 6. HP: 55/55 MP: 5/5
  3357 | D:4      | Found a hazy altar of Hepliaklqana.
  3387 | D:4      | Noticed Grinder
  3402 | D:4      | Killed Grinder
  3403 | D:4      | Reached skill level 5 in Fighting
  3403 | D:4      | Reached skill level 5 in Axes
  3587 | D:4      | Reached XP level 7. HP: 53/61 MP: 6/6
  3887 | D:4      | Reached skill level 5 in Armour
  4143 | D:5      | Entered Level 5 of the Dungeon
  4497 | D:5      | Reached skill level 5 in Dodging
  4497 | D:5      | Reached XP level 8. HP: 70/70 MP: 7/7
  4580 | D:5      | Found a shimmering altar of Xom.
  4659 | D:5      | Reached skill level 5 in Shields
  4963 | D:5      | Found a blossoming altar of Fedhas.
  5005 | D:5      | Noticed an oklob plant
  5671 | D:6      | Got a pair of dazzling boots
  5726 | D:6      | Reached *** piety under Trog
  5823 | D:6      | Got a warped leather armour
  5854 | D:6      | Identified the +1 pair of boots "Ecie" {rElec rN+ Int+3}
                  | (You found it on level 6 of the Dungeon)
  5874 | D:6      | Identified the cursed +0 leather armour of Guolu {*Drain
                  | rC++ MP+9} (You found it on level 6 of the Dungeon)
  6139 | D:6      | Reached XP level 9. HP: 65/68 MP: 8/8
  6152 | D:6      | Noticed a manticore
  6178 | D:6      | Killed a manticore
  6845 | D:7      | Noticed Joseph
  7019 | D:7      | Killed Joseph
  7255 | D:7      | Found a bloodstained altar of Trog.
  7530 | D:7      | Found a staircase to the Ecumenical Temple.
  8167 | D:8      | Reached XP level 10. HP: 44/90 MP: 9/9
  8551 | D:8      | Reached **** piety under Trog
  9942 | D:10     | Entered Level 10 of the Dungeon
 10087 | D:10     | Noticed a two-headed ogre
 10102 | D:10     | Killed a two-headed ogre
 10290 | D:10     | Found a staircase to the Lair.
 10419 | D:10     | Reached XP level 11. HP: 99/99 MP: 10/10
 10435 | D:10     | Got a bronze chain mail
 10449 | D:10     | Identified the +4 chain mail of the Land of Plenty {rF-
                  | MP+9 Str+4 Slay+3} (You found it on level 10 of the
                  | Dungeon)
 10894 | D:11     | Reached skill level 10 in Fighting
 10894 | D:11     | Reached skill level 10 in Axes
 10894 | D:11     | Reached ***** piety under Trog
 11022 | D:11     | Found a gate leading to a gauntlet.
 11038 | Gauntlet | Entered a Gauntlet
 11038 | Gauntlet | Found a runed translucent door.
 11038 | Gauntlet | Found a transporter.
 11039 | Gauntlet | Found a runed translucent door.
 11047 | Gauntlet | Found a transporter.
 11050 | Gauntlet | Found a transporter.
 11051 | Gauntlet | Found a transporter.
 11059 | Gauntlet | Found a transporter.
 11062 | Gauntlet | Found a transporter.
 11063 | Gauntlet | Found a transporter.
 11071 | Gauntlet | Found a transporter.
 11074 | Gauntlet | Found a transporter.
 11075 | Gauntlet | Found a transporter.
 11077 | Gauntlet | Noticed a dire elephant
 11083 | Gauntlet | Found a transporter.
 11086 | Gauntlet | Found a transporter.
 11087 | Gauntlet | Found a transporter.
 11104 | Gauntlet | Found a transporter.
 11453 | Gauntlet | Reached skill level 10 in Armour
 11865 | Gauntlet | Noticed a minotaur
 11882 | Gauntlet | Killed a minotaur
 12112 | D:11     | Reached skill level 1 in Maces & Flails
 12237 | D:11     | Found a portal to a secret trove of treasure.
 12573 | D:11     | Reached skill level 1 in Evocations
 12584 | D:11     | Noticed a boulder beetle
 12596 | D:11     | Killed a boulder beetle
 12706 | D:11     | Reached skill level 10 in Shields
 12797 | Lair:1   | Entered Level 1 of the Lair of Beasts
 12906 | Lair:1   | Noticed a seven-headed hydra
 12915 | Lair:1   | Killed a seven-headed hydra
 12969 | Lair:1   | Found a transporter.
 13537 | Lair:1   | Noticed MyelinatedAxon's ghost (journeyman MiFi)
 13553 | Lair:1   | Found a transporter.
 13974 | Lair:2   | Found a hole to the Spider Nest.
 14292 | Lair:2   | Found a radiant altar of Vehumet.
 14323 | Lair:2   | Reached XP level 12. HP: 46/105 MP: 3/11
 15502 | Lair:3   | Reached skill level 10 in Dodging
 15566 | Lair:3   | Noticed a seven-headed hydra
 15572 | Lair:3   | Killed a seven-headed hydra
 15709 | Lair:3   | Noticed a six-headed hydra
 15732 | Lair:3   | Killed a six-headed hydra
 16548 | Lair:3   | Reached skill level 5 in Maces & Flails
 17356 | Lair:4   | Found a transporter.
 17481 | Lair:4   | Found a staircase to the Shoals.
 17667 | Lair:4   | Found a transporter.
 17756 | Lair:4   | Found a runed translucent gate.
 17756 | Lair:4   | Found a runed translucent gate.
 17757 | Lair:4   | Found a runed translucent gate.
 17758 | Lair:4   | Noticed JayTheAdventurer's ghost (journeyman DECj)
 17758 | Lair:4   | Noticed Yryegiv's ghost (journeyman DsCj)
 18149 | Lair:5   | Noticed a five-headed hydra
 18159 | Lair:5   | Killed a five-headed hydra
 18308 | Lair:5   | Reached XP level 13. HP: 117/117 MP: 4/12
 18962 | Lair:6   | Entered Level 6 of the Lair of Beasts
 19342 | Lair:6   | Reached skill level 5 in Evocations
 20446 | Lair:6   | Received a gift from Trog
 21130 | Lair:6   | Identified Xahoy's Guide on Fetching Transmigration
 21144 | Lair:6   | Identified the Catalogue of Blistering Attacks
 21188 | Lair:6   | Reached XP level 14. HP: 127/127 MP: 13/13
 21351 | Lair:6   | Found a staircase to the Slime Pits.
 22573 | D:12     | Found a staircase to the Orcish Mines.
 23155 | D:13     | Got a fine hand axe
 23156 | D:13     | Identified the +9 hand axe of Armageddon {drain, *Noise
                  | rN+++ Will+ Int+5} (You found it on level 13 of the
                  | Dungeon)
 23203 | D:13     | Found a frozen archway.
 23320 | D:13     | Reached ****** piety under Trog
 23753 | D:13     | Received a gift from Trog
 23940 | D:13     | You fall into a shaft and drop 2 floors!
 23940 | D:15     | Entered Level 15 of the Dungeon
 23955 | D:15     | Found a runed translucent door.
 23955 | D:15     | Noticed a storm dragon
 23957 | D:15     | Found the +9 heavy crossbow "Sniper" {vorpal, Acc+∞ SInv}
 24303 | D:15     | Found a sacrificial altar of Ru.
 24926 | D:15     | Found Umiuk's Assorted Antiques.
 25405 | D:14     | Found a flickering gateway to a bazaar.
 25419 | D:14     | Found Hufome's Gadget Emporium.
 25427 | D:14     | Found Nenin's Distillery.
 25431 | D:14     | Found Myej's Gadget Emporium.
 25432 | D:14     | Found Wovul's Jewellery Emporium.
 25846 | D:13     | Received a gift from Trog
 26209 | D:14     | Reached XP level 15. HP: 119/137 MP: 4/14
 26541 | D:14     | Found a gate to the Vaults.
 26696 | D:14     | Noticed Agnes
 26710 | D:14     | Killed Agnes
 28093 | D:15     | Noticed an azure jelly
 28112 | D:15     | Killed an azure jelly
 28113 | D:15     | Found a staircase to the Depths.
 28490 | Orc:1    | Entered Level 1 of the Orcish Mines
 28768 | Orc:1    | Received a gift from Trog
 28772 | Orc:1    | Got a crystal spear {god gift}
 28805 | Orc:1    | Identified the +13 spear "Ocaczyal" {vorpal, Str+4 Dex+2}
                  | (Trog gifted it to you on level 1 of the Orcish Mines)
 29039 | Orc:2    | Entered Level 2 of the Orcish Mines
 29360 | Orc:2    | Found Paargh's Magic Scroll Shoppe.
 29371 | Orc:2    | Found a staircase to the Elven Halls.
 29394 | Orc:2    | Found Hauh's Magic Scroll Shoppe.
 29949 | Orc:2    | Found Afatsaak's General Store.
 29959 | Orc:2    | Found Hutodgh's Gadget Emporium.
 30160 | Orc:2    | Noticed Jorgrun
 30181 | Orc:2    | Killed Jorgrun
 30704 | Spider:1 | Entered Level 1 of the Spider Nest
 30711 | Spider:1 | Noticed Kirke
 30735 | Spider:1 | Killed Kirke
 30774 | Spider:1 | Noticed Roxanne
 31640 | Spider:2 | Received a gift from Trog
 31664 | Spider:2 | Noticed Arachne
 31665 | Spider:2 | Reached XP level 16. HP: 137/147 MP: 15/15
 31682 | Spider:1 | HP: 6/147 [Arachne/bolt of poison (35)]
 31684 | Spider:1 | Killed from afar by Arachne

Illustrated notes

Levels and vault maps discovered:
D:1:      psy_arrival_radial01, layout_basic, minmay_3d_cube
D:2:      layout_loops_ring, overflow_temple_1_default,
          nemelex_xobeh_ov_fountains_minmay
D:3:      layout_loops_ring, minmay_misc_feat_chi, uniq_crazy_yiuf_cottage
D:4:      layout_loops_ring, marbit_many_paths, minmay_checkerbox, uniq_grinder
D:5:      layout_gridville, kennysheep_little_box, tgw_fedhas,
          grunt_ministairs_1
D:6:      layout_loops_ring, minmay_small_thing
D:7:      layout_rooms, lemuel_doored_altar, minmay_temple_entry_overgrown,
          uniq_joseph
D:8:      layout_basic, lemuel_flamethrower_2
D:9:      layout_gridville
D:10:     layout_cave_pools, due_lair_maze_entry_diamond
D:11:     layout_gridville, gauntlet_entry_generic, nicolae_trove_entry_isolated
D:12:     layout_cave_pods, david_orc_2, minmay_hedge_maze
D:13:     layout_loops_cross, portal_ice_cave_entry_imps, blue_anna_alchemist
          [blue_anna_fruit_fields, blue_anna_fruit_fields]
D:14:     layout_gridville, hangedman_vaults_entry_quadrant_bands,
          minmay_misc_feat_doors, serial_shops, freezing_bzr,
          minmay_shop_grid_forest, uniq_agnes
D:15:     gammafunk_enter_depths_forms, layout_loops_ring, serial_shops, shop,
          nicolae_ru_sacrificial_ziggurat, corexii_corridor_pit,
          kennysheep_treasure_room
Lair:1:   layout_layer_cave, nzn_ghost_randoct
Lair:2:   layout_cave_pods, spider_nest_entry_web_field, basic_altar
Lair:3:   layout_cave_shapes, infiniplex_staircase_pool_2, serial_bayou_shore_a
Lair:4:   gammafunk_cloud_chamber, layout_gridlike, elwin_shoals_entry_rooms,
          gammafunk_ghost_cemetery, infiniplex_staircase_pool,
          serial_bayou_shore_b
Lair:5:   layout_roguey, st_stairs_7, serial_bayou_shore_b, grunt_megastairs_4
Lair:6:   gammafunk_lair_ancient_temple, layout_regular_city, slime_dummy
Spider:1: layout_spider_delve, uniq_kirke, uniq_roxanne
Spider:2: layout_spider_delve, uniq_arachne
Orc:1:    layout_diamond_mine
Orc:2:    st_orc_open, layout_caves, uniq_jorgrun

Skill      XL: |  1  2  3  4  5  6  7  8  9 10 11 12 13 14 15 |
---------------+----------------------------------------------+-----
Shields        | 1 2 3 4 6 7 9 10 11 12 13 14 | 14.2
Fighting       | 4 5 6 7 8 9 10 11 12 13 14 | 14.5
Axes           | 4 5 6 7 8 9 10 11 12 13 14 | 14.5
Armour         | 3 4 5 6 8 9 10 11 12 13 14 | 14.4
Dodging        | 3 4 5 6 7 8 9 10 11 12 13 | 13.4
Maces & Flails | 3 5 |  5.5
Evocations     | 2 4 6 7 8 |  8.7

Action                   |  1- 3 |  4- 6 |  7- 9 | 10-12 | 13-15 | 16-18 || total
-------------------------+-------+-------+-------+-------+-------+-------++-------
Melee: Hand axe          |    69 |    75 |   349 |   202 |   313 |    11 ||  1019
       Headbutt          |    15 |    16 |    55 |   138 |   401 |     2 ||   627
       War axe           |       |       |       |   315 |   444 |       ||   759
       Demon whip        |       |       |       |   101 |   805 |       ||   906
Invok: Berserk           |       |     1 |       |     1 |       |       ||     2
       Trog's Hand       |       |     1 |     5 |     4 |     3 |     1 ||    14
       Brothers in Arms  |       |       |       |     1 |     2 |       ||     3
Evoke: Wand              |       |       |    23 |     1 |    14 |       ||    38
  Use: Scroll            |       |       |     9 |    13 |     9 |       ||    31
       Potion            |       |       |     1 |     3 |     1 |     2 ||     7
 Stab: Paralysed         |       |       |       |     5 |       |       ||     5
Armor: Animal skin       |     1 |       |       |       |       |       ||     1
       Ring mail         |    10 |    18 |    77 |    13 |       |       ||   118
       Plate armour      |       |       |       |   197 |   457 |    19 ||   673
       Chain mail        |       |       |       |    49 |       |       ||    49
Dodge: Dodged            |    19 |    18 |   123 |   256 |   373 |     7 ||   796
Block: Kite shield       |    19 |    29 |   143 |   365 |       |       ||   556
       Tower shield      |       |       |       |    16 |  1332 |    34 ||  1382
